 Dungeon Crawl Stone Soup version 0.22-a0-866-geee5034 (console) character file.

2139 removed the Magician (level 9, 52/52 HPs)
             Began as a Deep Elf Wanderer on July 28, 2018.
             Was a Believer of Vehumet.
             Quit the game on level 5 of the Dungeon.
             The game lasted 00:18:12 (8409 turns).

removed the Magician (Deep Elf Wanderer)            Turns: 8409, Time: 00:18:12

Health: 52/52      AC:  3    Str: 11      XL:     9   Next: 9%
Magic:  22/22      EV: 13    Int: 22      God:    Vehumet [**....]
Gold:   294        SH:  0    Dex:  9 (11) Spells: 19/22 levels left

rFire    . . .     SeeInvis .   b - +0 shortbow
rCold    . . .     Gourm    .   (shield currently unavailable)
rNeg     . . .     Faith    .   f - +0 robe
rPois    .         Spirit   +   (no helmet)
rElec    .         Reflect  .   N - scarf {repulsion}
rCorr    .         Harm     .   (no gloves)
MR       +....                  L - +0 pair of boots
Stlth    ++........             k - amulet of guardian spirit
HPRegen  0.17/turn              A - ring of protection from magic
MPRegen  0.18/turn              K - ring of wizardry

@: repel missiles
A: no striking features
a: Renounce Religion


You were on level 5 of the Dungeon.
You worshipped Vehumet.
Vehumet was pleased with you.
You were very hungry.

You visited 1 branch of the dungeon, and saw 7 of its levels.
You also visited: Sewer.

You collected 324 gold pieces.
You spent 30 gold pieces at shops.

Inventory:

Hand Weapons
 a - a +2 dagger of draining
 b - a +0 shortbow (weapon)
 i - a +2 dagger
 z - a +1 mace of crushing
 B - a cursed -1 flail
 D - a +0 whip of freezing
Missiles
 e - 112 arrows (quivered)
Armour
 f - a +0 robe (worn)
 p - a scarf of spirit shield
 H - a +0 cloak
 L - a +0 pair of boots (worn)
 N - a scarf of repulsion (worn)
Jewellery
 k - an amulet of guardian spirit (around neck)
 A - a ring of protection from magic (left hand)
 K - a ring of wizardry (right hand)
Wands
 u - a wand of iceblast (6)
Scrolls
 d - 2 scrolls of fear
 o - 7 scrolls of teleportation {unknown}
 r - 5 scrolls of identify
 v - a scroll of brand weapon {unknown}
 y - a scroll of enchant weapon {unknown}
 C - 4 scrolls of remove curse {unknown}
 F - a scroll of magic mapping {unknown}
Potions
 h - a potion of resistance
 l - a potion of heal wounds
 w - 4 potions of curing
 E - 2 potions of berserk rage
 I - 2 potions of lignification
Comestibles
 g - 16 rations


   Skills:
 - Level 4.1 Fighting
 - Level 1.1 Bows
 - Level 3.1 Dodging
 - Level 2.4 Stealth
 - Level 7.4 Spellcasting
 + Level 7.0 Conjurations
   Level 3.2 Summonings
 + Level 7.0 Ice Magic


You had 19 spell levels left.
You knew the following spells:

 Your Spells              Type           Power        Failure   Level  Hunger
a - Magic Dart            Conj           ####         1%          1    None
b - Throw Frost           Conj/Ice       #####.       1%          2    None

Your spell library contained the following spells:

 Spells                   Type           Power        Failure   Level  Hunger
 Animate Dead             Necr           N/A          30%         4    ###....
 Pain                     Necr           #...         3%          1    None
 Animate Skeleton         Necr           N/A          3%          1    None
 Vampiric Draining        Necr           #.........   10%         3    None
 Regeneration             Chrm/Necr      #.........   10%         3    None
 Ensorcelled Hibernation  Hex/Ice        ###...       1%          2    None


Dungeon Overview and Level Annotations

Branches:
Dungeon (7/15)             Temple (0/1) D:5

Altars:
Vehumet
Xom

Shops:
D:4 !

Annotations:
D:6 Grinder


Message History

* * * LOW HITPOINT WARNING * * *
The orc wizard gestures at you while chanting.
The puff of flame is repelled.
Unknown command.
Okay, then.
There is an open door here.
There is a stone staircase leading up here.
You climb upwards.
There is a stone staircase leading down here.
You start resting.
You are feeling very hungry.
You start resting.
Magic restored.
You start resting.
HP restored.
Saving game... please wait.
Welcome back, removed the Deep Elf Wanderer.
Vehumet says: Let it end in hellfire!
Press ? for a list of commands and other information.
Are you sure you want to abandon this character and quit the game? (Confirm with "yes".)

(...........#...# #.#
#..#.#.# [##########.###.###
#.# #......# .......#
#.#.....# #.# #..#.(.#
.#####.#
#.#.....###.####..#.... .#
#.# #.....................#
.# #.#
#.#.....########....... .#
#.# #.#.....# #####..# .#
#.# #.#.#.##############..#
.# #.#
#...#.@....##.........# ##
#.# ##########.##.#######.#
#.#############.##.#######.#
#..........................#
############################


There were no monsters in sight!

Vanquished Creatures
  Pikel (D:4)
  A phantom (D:4)
  2 black bears (D:6)
  A sky beast (D:5)
  An orc warrior (D:6)
  A slave (D:4)
  An ice beast (D:5)
  2 centaurs
  A crocodile (Sewer)
  2 scorpions
  A crimson imp (D:7)
  A quasit (D:7)
  A bullfrog zombie (D:6)
  2 hounds (D:5)
  A jelly (D:6)
  4 orc priests
  A bullfrog skeleton (D:4)
  A centaur skeleton (D:4)
  6 orc wizards
  An iguana (D:2)
  A worker ant (D:5)
  8 adders
  An ooze (D:2)
  An adder skeleton (D:4)
  2 worms (D:3)
  4 leopard geckos
  26 orcs
  3 ball pythons
  8 bats
  8 giant cockroaches
  7 goblins
  5 hobgoblins
  11 jackals
  12 kobolds
  3 quokkas
  A ball python skeleton (D:4)
  3 frilled lizards
  A leopard gecko skeleton (D:4)
  A leopard gecko zombie (D:5)
  A quokka skeleton (D:5)
  6 rats
145 creatures vanquished.

Vanquished Creatures (others)
  A slave (D:6)
  An ogre (D:6)
  A howler monkey (D:6)
  A centaur skeleton (D:4)
4 creatures vanquished.

Grand Total: 149 creatures vanquished

Notes
Turn   | Place    | Note
-------+----------+-------------------------------------------
     0 | D:1      | removed the Deep Elf Wanderer began the quest for the Orb.
     0 | D:1      | removed set off with: a +2 dagger, a scroll of fear, a +0 shortbow, 23 arrows, a +0 robe, a ration
     0 | D:1      | Reached XP level 1. HP: 12/12 MP: 5/5
   544 | D:1      | Reached XP level 2. HP: 16/16 MP: 8/8
   559 | D:1      | Learned a level 2 spell: Throw Frost
  1132 | D:1      | Reached skill level 1 in Conjurations
  1197 | D:2      | Reached XP level 3. HP: 18/20 MP: 7/9
  1624 | D:2      | Reached XP level 4. HP: 15/25 MP: 4/10
  1790 | D:2      | Found a shimmering altar of Xom.
  1790 | D:2      | Found a shimmering altar of Xom.
  1792 | D:2      | Found a shimmering altar of Xom.
  1793 | D:2      | Found a shimmering altar of Xom.
  1793 | D:2      | Found a shimmering altar of Xom.
  1798 | D:2      | Found a shimmering altar of Xom.
  2290 | D:3      | Found a radiant altar of Vehumet.
  2337 | D:3      | Became a worshipper of Vehumet
  2399 | D:3      | Found a glowing drain.
  2435 | Sewer    | Entered a sewer
  2688 | Sewer    | Noticed a crocodile
  2692 | Sewer    | Killed a crocodile
  2692 | Sewer    | Reached XP level 5. HP: 29/29 MP: 10/13
  2827 | D:3      | HP: 1/29 [adder (1)]
  3630 | D:4      | Reached XP level 6. HP: 30/34 MP: 0/14
  3925 | D:4      | Noticed a slave
  3928 | D:4      | Noticed Pikel
  3952 | D:3      | Reached * piety under Vehumet
  3952 | D:3      | Offered knowledge of Magic Dart by Vehumet.
  4017 | D:3      | Learned a level 1 spell: Magic Dart
  4233 | D:4      | Noticed a slave
  4246 | D:4      | Killed a slave
  4337 | D:4      | Found Sotwon's Distillery.
  4340 | D:4      | Bought a potion of curing for 30 gold pieces
  4661 | D:4      | Noticed a slave
  4681 | D:4      | Killed Pikel
  4681 | D:4      | Reached XP level 7. HP: 25/38 MP: 5/15
  5046 | D:4      | Reached XP level 8. HP: 43/43 MP: 13/16
  5360 | D:5      | Entered Level 5 of the Dungeon
  5783 | D:5      | Reached skill level 5 in Spellcasting
  6047 | D:5      | Found a staircase to the Ecumenical Temple.
  6604 | D:5      | Reached ** piety under Vehumet
  6604 | D:5      | Offered knowledge of Sandblast by Vehumet.
  6604 | D:5      | Reached skill level 1 in Dodging
  6951 | D:6      | Noticed Grinder
  7744 | D:6      | Reached XP level 9. HP: 33/51 MP: 1/22
  8409 | D:5      | Quit the game

Vault maps used:
D:1:      evilmike_arrival_hilbert_curve, minmay_heptomino_o4
D:2:      xom_redecorated
D:3:      vehumet_crystals, cheibrodos_sewer_entry_drain, first_ration,
          grunt_ministairs_2
D:4:      serial_shops, shop, uniq_pikel
D:5:      temple_statues
D:6:      uniq_grinder
D:7:      minmay_the_grid_four_pointed_star
Sewer:    sewer_the_crocodile

Skill      XL: |  1  2  3  4  5  6  7  8  9 |
---------------+----------------------------+-----
Spellcasting   | 3 4 7 |  7.4
Conjurations   | 2 3 6 7 |  7.0
Ice Magic      | 2 3 6 7 |  7.0
Dodging        | 3 |  3.1
Fighting       | 3 4 |  4.1
Bows           | |  1.1
Stealth        | |  2.4
Summonings     | |  3.2

Action                   |  1- 3 |  4- 6 |  7- 9 || total
-------------------------+-------+-------+-------++-------
Melee: Dagger            |    32 |    84 |     7 ||   123
 Fire: Shortbow          |    65 |    67 |       ||   132
 Cast: Throw Frost       |       |    58 |   137 ||   195
       Magic Dart        |       |    19 |    49 ||    68
Evoke: Wand              |       |     4 |       ||     4
  Use: Potion            |       |     2 |       ||     2
       Scroll            |       |     2 |     4 ||     6
  Eat: Chunk             |     2 |     9 |    11 ||    22
Armor: Robe              |     8 |    14 |    15 ||    37
Dodge: Dodged            |    33 |    76 |    55 ||   164
       Deflected         |       |       |     1 ||     1

Table legend:
 A = Spawn XP
 B = Non-spawn XP
 C = Spawn XP percentage of total XP
 D = Spawn monster count
 E = Non-spawn monster count
 F = Spawn count percentage of total count
 G = Total turns spent on level
                    A         B        C        D         E        F      G
               +---------+---------+-------+---------+---------+-------+---------
         Total |       0 |    3057 |   0.0 |       0 |     144 |   0.0 |  8409
               +---------+---------+-------+---------+---------+-------+---------
           D:1 |       0 |      24 |   0.0 |       0 |      14 |   0.0 |  1179
           D:2 |       0 |     107 |   0.0 |       0 |      25 |   0.0 |   886
           D:3 |       0 |     164 |   0.0 |       0 |      31 |   0.0 |  1682
           D:4 |       0 |    1187 |   0.0 |       0 |      24 |   0.0 |  1383
           D:5 |       0 |     616 |   0.0 |       0 |      20 |   0.0 |  1801
           D:6 |       0 |     640 |   0.0 |       0 |      20 |   0.0 |   940
           D:7 |       0 |     211 |   0.0 |       0 |       4 |   0.0 |   221
         Sewer |       0 |     108 |   0.0 |       0 |       6 |   0.0 |   317
               +---------+---------+-------+---------+---------+-------+---------
